 Dungeon Crawl Stone Soup version 0.21-a0-618-g6cbd37f (webtiles) character file.

1481 MatthieuS the Destroyer (level 8, -6/73 HPs)
             Began as a Tengu Conjurer on Dec 23, 2017.
             Was an Initiate of Vehumet.
             Mangled by a two-headed ogre
             ... wielding a +0 giant club
              (11 damage)
             ... on level 6 of the Dungeon.
             The game lasted 00:24:12 (8053 turns).

MatthieuS the Destroyer (Tengu Conjurer)            Turns: 8053, Time: 00:24:13

Health: -6/73      AC: 24    Str:  9    XL:     8   Next: 79%
Magic:  13/16      EV:  2    Int: 18    God:    Vehumet [......]
Gold:   319        SH:  0    Dex: 14    Spells: 7/17 levels left

rFire    . . .     SeeInvis .   a - +2 dagger (speed)
rCold    . . .     Gourm    .   (no shield)
rNeg     + + +     Faith    .   (armour currently unavailable)
rPois    +         Spirit   .   (helmet currently unavailable)
rElec    .         Reflect  .   (cloak currently unavailable)
rCorr    .         Harm     .   (gloves currently unavailable)
MR       +....     NoTele   +   (boots unavailable)
Stlth    ++........             (no amulet)
HPRegen  0.22/turn              h - +3 ring of evasion
MPRegen  0.15/turn              (no ring)

@: tree-form, slowed, very slow
A: magic resistance 1, able to fly 1
a: Fly, Renounce Religion


You were on level 6 of the Dungeon.
You worshipped Vehumet.
Vehumet was noncommittal.
You were hungry.
You were a tree.
You visited 2 branches of the dungeon, and saw 7 of its levels.

You collected 319 gold pieces.

Inventory:

Hand Weapons
 a - a +2 dagger of speed (weapon)
 e - a +0 shortbow
 r - a +0 short sword
Missiles
 o - 41 arrows
Armour
 f - a +1 pair of gloves (melded)
 t - a +2 shield
 B - a +0 shield
 C - a +3 leather armour of fire resistance (melded)
Jewellery
 h - a +3 ring of evasion (left branch)
Wands
 d - a wand of polymorph (18)
 p - a wand of flame (27)
Scrolls
 g - a scroll of magic mapping {unknown}
 i - a scroll of teleportation
 j - 7 scrolls of remove curse
 k - a scroll of amnesia
 l - a scroll of fog
 m - a scroll of immolation
 x - a scroll of enchant weapon
 y - a scroll of blinking
Potions
 n - 2 potions of mutation
 q - a potion of invisibility {unknown}
 A - a potion of lignification
Books
 b - a book of Conjurations

   Spells                             Type                      Level
   a - Magic Dart                     Conjuration                  1
   b - Searing Ray                    Conjuration                  2
   c - Dazzling Spray                 Conjuration/Hexes            3
   d - Fulminant Prism                Conjuration/Hexes            4
   e - Force Lance                    Conjuration/Translocation    4
   f - Iskenderun's Mystic Blast      Conjuration                  4
Comestibles
 c - 9 rations


   Skills:
 + Level 5.2 Fighting
 - Level 5.3 Armour
 - Level 2.1 Dodging
 - Level 2.0 Stealth
 + Level 1.8 Shields
 - Level 5.0 Spellcasting
 - Level 8.6 Conjurations


You had 7 spell levels left.
You knew the following spells:

 Your Spells              Type           Power        Failure   Level  Hunger
a - Magic Dart            Conj           ####         1%          1    None
b - Searing Ray           Conj           #####.       1%          2    #......
c - Dazzling Spray        Conj/Hex       ###...       7%          3    ##.....
d - Iskenderun's Mystic   Conj           #####...     3%          4    ####...


Dungeon Overview and Level Annotations

Branches:
Dungeon (6/15)             Temple (1/1) D:4

Altars:
Ashenzari
Cheibriados
Fedhas
Gozag
Hepliaklqana
Kikubaaqudgha
Makhleb
Nemelex Xobeh
Okawaru
Ru
Sif Muna
Trog
Uskayaw
Vehumet
Xom
Yredelemnul
Zin
The Shining One


Innate Abilities, Weirdness & Mutations

((You have a beak for a mouth.))
((You have claws for feet.))
You can fly.
((You have a pair of small antennae on your head.))
You are resistant to hostile enchantments. (MR+)


Message History

The orc wizard hits you but does no damage. x2
You hit the two-headed ogre.
The two-headed ogre is almost dead.
The two-headed ogre hits you with a giant club!
* * * LOW HITPOINT WARNING * * *
The two-headed ogre hits you but does no damage.
The orc wizard hits you but does no damage.
You hit the two-headed ogre but do no damage.
The two-headed ogre is almost dead.
The orc wizard hits you with a dagger of protection.
* * * LOW HITPOINT WARNING * * *
The two-headed ogre hits you but does no damage.
The two-headed ogre hits you with a giant club!
* * * LOW HITPOINT WARNING * * *
The orc wizard hits you but does no damage.
You hit the two-headed ogre but do no damage.
The two-headed ogre is almost dead.
The orc wizard hits you but does no damage.
The two-headed ogre hits you with a giant club!
You die...

#.# #.# #.#
#.# #.# #.#
#.# #O# #♣#
#o# #.# #.#
###########.#
#...........#
#.###########
#.# #.#


You could see a two-headed ogre and an orc wizard.

Vanquished Creatures
  Sigmund (D:3)
  2 ice beasts (D:5)
  A phantom (D:4)
  An ogre (D:6)
  A centaur (D:3)
  A bullfrog (D:6)
  2 scorpions (D:4)
  The ghost of DemiseSR the Chopper, a weakling MiBe of Trog (D:3)
  2 crimson imps (D:5)
  A hound (D:4)
  A bullfrog skeleton (D:5)
  An orc priest (D:3)
  A centaur skeleton (D:5)
  Jessica (D:2)
  Terence (D:1)
  Natasha (thrice) (D:2)
  3 orc wizards
  A worker ant (D:6)
  6 gnolls
  8 adders
  2 oozes
  2 adder zombies (D:5)
  4 dart slugs
  2 worms
  4 leopard geckos
  21 orcs
  A ball python (D:4)
  6 bats
  6 giant cockroaches
  7 goblins
  7 hobgoblins
  A jackal (D:4)
  4 kobolds
  4 quokkas
  4 frilled lizards
  A leopard gecko skeleton (D:6)
  A quokka skeleton (D:4)
  8 rats
  A spectral orc (D:3)
  A plant (D:4)
126 creatures vanquished.

Notes
Turn   | Place    | Note
-------+----------+-------------------------------------------
     0 | D:1      | MatthieuS the Tengu Conjurer began the quest for the Orb.
     0 | D:1      | Reached XP level 1. HP: 10/10 MP: 4/4
   120 | D:1      | Reached XP level 2. HP: 16/16 MP: 0/6
   124 | D:1      | Learned a level 2 spell: Searing Ray
   285 | D:1      | Reached skill level 1 in Armour
   341 | D:1      | Reached skill level 1 in Fighting
   488 | D:1      | Reached XP level 3. HP: 20/20 MP: 5/7
   499 | D:1      | Learned a level 3 spell: Dazzling Spray
  1013 | D:2      | Noticed Terence
  1434 | D:2      | Noticed Jessica
  1436 | D:2      | Killed Jessica
  1436 | D:2      | Reached skill level 6 in Conjurations
  1436 | D:2      | Reached XP level 4. HP: 25/25 MP: 5/9
  1697 | D:2      | Noticed Natasha
  1718 | D:2      | Killed Natasha
  2002 | D:2      | Noticed Natasha
  2008 | D:2      | Killed Natasha
  2008 | D:2      | Gained mutation: You can fly. [Tengu growth]
  2008 | D:2      | Reached XP level 5. HP: 22/30 MP: 3/10
  2324 | D:2      | Found a burning altar of Makhleb.
  2328 | D:2      | Noticed a balrug
  2332 | D:2      | Noticed a hellwing
  2332 | D:2      | Noticed an orange demon
  2377 | D:3      | Noticed DemiseSR's ghost (weakling MiBe)
  2384 | D:2      | Noticed Natasha
  2666 | D:3      | Learned a level 4 spell: Iskenderun's Mystic Blast
  2700 | D:3      | Noticed a centaur
  2890 | D:3      | Noticed Sigmund
  3218 | D:2      | Killed Natasha
  3218 | D:2      | Reached XP level 6. HP: 22/36 MP: 2/11
  3700 | D:3      | Found a faded altar of an unknown god.
  3911 | D:3      | Gained mutation: You are resistant to hostile enchantments. (MR+) [potion of mutation]
  3911 | D:3      | Gained mutation: You have a pair of small antennae on your head. [potion of mutation]
  4386 | D:3      | Killed Sigmund
  4386 | D:3      | Reached skill level 7 in Conjurations
  4386 | D:3      | Reached XP level 7. HP: 38/41 MP: 5/13
  4820 | D:3      | Killed DemiseSR's ghost
  4906 | D:3      | Found a basalt altar of Yredelemnul.
  5017 | D:1      | Killed Terence
  5768 | D:4      | Reached XP level 8. HP: 48/48 MP: 12/15
  5957 | D:3      | Found a shattered altar of Ashenzari.
  5957 | D:3      | Found a sparkling altar of Nemelex Xobeh.
  5957 | D:3      | Found an iron altar of Okawaru.
  5957 | D:3      | Found a bloodstained altar of Trog.
  6264 | D:4      | Found a snail-covered altar of Cheibriados.
  6563 | D:4      | Reached skill level 8 in Conjurations
  6565 | D:4      | Found a staircase to the Ecumenical Temple.
  6582 | Temple   | Entered the Ecumenical Temple
  6653 | Temple   | Became a worshipper of Vehumet
  6956 | D:5      | Entered Level 5 of the Dungeon
  7194 | D:5      | Reached skill level 5 in Armour
  7619 | D:5      | Reached skill level 5 in Spellcasting
  7983 | D:6      | Noticed a two-headed ogre
  7995 | D:6      | Reached skill level 5 in Fighting
  7995 | D:6      | Reached skill level 1 in Shields
  8053 | D:6      | Mangled by a two-headed ogre

Vault maps used:
D:1:      minmay_arrival_three_doors
D:2:      makhleb_altar_promises_db, uniq_jessica, uniq_natasha, uniq_terence
D:3:      yredelemnul_forgotten_temple_becter, nicolae_overflow_hidden_temple,
          first_ration, chequers_ecumenical_altar_twisty, uniq_sigmund
D:4:      cheibriados_altar_1, minmay_temple_entry_grid, serial_bayou_pond_b
D:5:      nrook_loot_triangle, grunt_ministairs_9
D:6:      serial_park_tiny_pond, trog_butcher_becter
Temple:   eino_temple_rhombus

Skill      XL: |  1  2  3  4  5  6  7  8 |
---------------+-------------------------+-----
Armour         | 1 2 3 4 5 |  5.3
Fighting       | 1 2 3 4 5 |  5.2
Conjurations   | 6 7 8 |  8.6
Spellcasting   | 3 4 5 |  5.0
Shields        | 1 |  1.8
Dodging        | |  2.1
Stealth        | |  2.0

Action                   |  1- 3 |  4- 6 |  7- 9 || total
-------------------------+-------+-------+-------++-------
Melee: Unarmed           |    11 |       |       ||    11
       Kick              |     4 |     3 |    26 ||    33
       Peck              |     1 |     2 |    10 ||    13
       Short sword       |       |    21 |       ||    21
       Dagger            |       |       |    73 ||    73
 Fire: Shortbow          |       |     3 |   130 ||   133
Throw: Throwing net      |       |       |     1 ||     1
 Cast: Magic Dart        |    55 |    85 |    53 ||   193
       Dazzling Spray    |     2 |     8 |     3 ||    13
       Searing Ray       |     1 |    10 |    26 ||    37
  Use: Scroll            |     1 |     2 |    10 ||    13
       Potion            |       |     9 |     4 ||    13
 Stab: Invisible         |       |     1 |       ||     1
  Eat: Chunk             |     3 |     8 |     7 ||    18
       Ration            |       |     1 |     1 ||     2
Armor: Robe              |     4 |     2 |       ||     6
       Skin              |       |    10 |    22 ||    32
       Leather armour    |       |     4 |    31 ||    35
Dodge: Dodged            |    14 |    73 |    98 ||   185

Table legend:
 A = Spawn XP
 B = Non-spawn XP
 C = Spawn XP percentage of total XP
 D = Spawn monster count
 E = Non-spawn monster count
 F = Spawn count percentage of total count
 G = Total turns spent on level
                    A         B        C        D         E        F      G
               +---------+---------+-------+---------+---------+-------+---------
         Total |       0 |    2117 |   0.0 |       0 |     125 |   0.0 |  8053
               +---------+---------+-------+---------+---------+-------+---------
           D:1 |       0 |      87 |   0.0 |       0 |      22 |   0.0 |  1102
           D:2 |       0 |     284 |   0.0 |       0 |      30 |   0.0 |  2824
           D:3 |       0 |     559 |   0.0 |       0 |      30 |   0.0 |  1357
           D:4 |       0 |     472 |   0.0 |       0 |      26 |   0.0 |  1590
           D:5 |       0 |     474 |   0.0 |       0 |      11 |   0.0 |   959
           D:6 |       0 |     241 |   0.0 |       0 |       6 |   0.0 |   138
               +---------+---------+-------+---------+---------+-------+---------
